 Dungeon Crawl Stone Soup version 0.30.1-9-gdf580d7c3d (webtiles) character file.

Game seed: 6112312491315123900

2 ChiefBigBeans the Shield-Bearer (level 1, 0/22 HPs)
             Began as a Troll Fighter on Sept 27, 2023.
             Slain by a ball python (1 damage)
             ... on level 1 of the Dungeon.
             The game lasted 00:00:57 (650 turns).

ChiefBigBeans the Shield-Bearer (Troll Fighter)      Turns: 650, Time: 00:00:58

Health: 0/22       AC:  4    Str: 23    XL:     1   Next: 25%
Magic:  0/0        EV:  8    Int:  4    God:
Gold:   8          SH:  7    Dex:  9    Spells: 0/0 levels left

rFire   . .          .
                       - Unarmed
rCold   . . .        b - +0 kite shield
rNeg    . . .        a - +0 robe
rPois   .            (helmet restricted)
rElec   .            (no cloak)
rCorr   .            (gloves unavailable)
SInv    .            (boots unavailable)
Will    .....        (no amulet)
Stlth   +            (no ring)
HPRegen 1.03/turn    (no ring)
MPRegen 0.07/turn

%: no passive effects
@: no status effects
A: large, unfitting armour, claws 3, regeneration 1, shaggy fur 1, tough skin 1
a: no special abilities


You were on level 1 of the Dungeon.
You visited 1 branch of the dungeon, and saw 1 of its levels.

You collected 8 gold pieces.

Inventory:

Armour
 a - a +0 robe (worn)
 b - a +0 kite shield (worn)
Potions
 c - a potion of might
 d - a potion of curing {unknown}


   Skills:
 + Level 2.4 Fighting
 + Level 2.4 Dodging
 + Level 2.7 Shields
 + Level 2.0 Unarmed Combat


You couldn't memorise any spells.
You didn't know any spells.
Your spell library was empty.

Dungeon Overview and Level Annotations

Branches:
Dungeon (1/15)

Altars:


Innate Abilities, Weirdness & Mutations

You are too large for most types of armour.
You have claws for hands.
Your natural rate of healing is unusually fast.
You are covered in fur. (AC +1)
You have tough skin. (AC +1)


Message History

You block the bat's attack. The rat bites you but does no damage.
The giant cockroach bites you but does no damage.
You block the ball python's attack. The bat barely misses you.
The rat closely misses you.
The giant cockroach bites you but does no damage.
The ball python bites you but does no damage.
The rat twitches its whiskers.
You block the rat's attack. The giant cockroach bites you.
* * * LOW HITPOINT WARNING * * *
The bat hits you but does no damage.
The ball python bites you but does no damage.
The bat hits you but does no damage. x2; The rat bites you.
* * * LOW HITPOINT WARNING * * *
The giant cockroach bites you but does no damage.
The ball python bites you but does no damage.
The bat hits you but does no damage. The giant cockroach bites you.
* * * LOW HITPOINT WARNING * * *
The ball python bites you but does no damage.
You block the rat's attack. The giant cockroach closely misses you.
You block the ball python's attack. The bat completely misses you.
The bat barely misses you. The rat bites you but does no damage.
You block the giant cockroach's attack. The ball python bites you.
* * * LOW HITPOINT WARNING * * *
The bat barely misses you. The rat closely misses you.
The giant cockroach bites you but does no damage.
You block the ball python's attack. The bat barely misses you.
The bat hits you.
* * * LOW HITPOINT WARNING * * *
The rat bites you but does no damage. The giant cockroach closely misses you.
The ball python bites you.
* * * LOW HITPOINT WARNING * * *
The bat hits you but does no damage. You block the giant cockroach's attack.
The rat bites you but does no damage. The ball python barely misses you.
The bat hits you but does no damage. The giant cockroach bites you.
* * * LOW HITPOINT WARNING * * *
You block the ball python's attack. You block the rat's attack.
The giant cockroach bites you but does no damage.
The ball python bites you.
You die...

##...# #....# #####
##....# #...# #.....#
#...#####.#...#
#.........#...####
#.b..######...##..
###.###.B............+..
......S@r##.##########..
.##.........#
#.........# #.........#
.............
..#.#######.... ..#.
#.... # ... . #


You could see a giant cockroach, a bat, a ball python and a rat.

Vanquished Creatures
  A goblin (D:1)
  A bat (D:1)
2 creatures vanquished.

Notes
Turn   | Place    | Note
-------+----------+-------------------------------------------
     0 | D:1      | ChiefBigBeans the Troll Fighter began the quest for the
                  | Orb.
     0 | D:1      | Reached XP level 1. HP: 22/22 MP: 0/0
   648 | D:1      | HP: 1/22 [ball python (3)]
   650 | D:1      | Slain by a ball python

Illustrated notes

Levels and vault maps discovered:
D:1:      lemuel_arrival_funnel, layout_basic

Action                     || total
---------------------------++-------
  Melee: Unarmed           ||     9
 Armour: Robe              ||   500
  Dodge: Dodged            ||   432
  Block: Kite shield       ||   432
